Cogmind - Beta 15 @@@ ROGUE MODE // 2025.06.01 @ 19:45:03 Player: Zaros426 Result: Destroyed by Y-45 Defender with Heavy Assault Rifle Performance ------------- Evolutions (0) 0 Regions Visited (4) 800 Robots Destroyed (67) 335 Value Destroyed (1251) 1251 Prototype IDs (16) 320 Alien Tech Used (0) 0 Bonus (30) 30 TOTAL SCORE: 2736 Bonus ------- Follower Combat Kills 30 Cogmind --------- Core Integrity 0/250 Matter 290/300 Energy 265/265 System Corruption 0% Temperature Cool (0) Movement Walking (410) Ox4 Location -8/Recycling Parts ------- > --- POWER (1) -------- Improved Ion Engine > --- PROPULSION (2) --- Cargo Legs > --- UTILITY (2+2) ---- Large Storage Unit (+) Humpback Medium Armor Plating (+) > --- WEAPON (2) ------- Subdweller Beam Cannon Subdweller Machine Gun > --- INVENTORY (35) --- Subdweller Power Source Deuterium Engine Light Treads Subdweller Monowheel Structural Scanner Subdweller Optics Seismic Detector ECM Suite Shield Generator Sensor Drone Bay (20/20) V3-11A's Pendant Heavy EM Pulse Gun Heavy EM Pulse Gun Subdweller Beam Cannon Mini Grenade Launcher Subdweller Shrapnel Launcher Subdweller Shrapnel Launcher Heavy Explosive Trap Heavy Explosive Trap Heavy Explosive Trap SUBCON Basin (Full) Peak State ------------ > --- POWER ------------ Deuterium Engine > --- PROPULSION ------- Cargo Legs > --- UTILITY ---------- Large Storage Unit Humpback Medium Armor Plating > --- WEAPON ----------- Heavy EM Pulse Gun Subdweller Machine Gun > --- INVENTORY -------- Improved Ion Engine Subdweller Power Source Light Treads Subdweller Monowheel Structural Scanner Subdweller Optics Seismic Detector ECM Suite Sensor Drone Bay V3-11A's Pendant Heavy EM Pulse Gun Subdweller Beam Cannon Subdweller Beam Cannon Mini Grenade Launcher Subdweller Shrapnel Launcher Subdweller Shrapnel Launcher Heavy Explosive Trap Heavy Explosive Trap Heavy Explosive Trap SUBCON Basin [Rating: 49] Favorites ----------- Power Improved Ion Engine Engine Improved Ion Engine Propulsion Light Treads Treads Light Treads Leg Cargo Legs Utility Large Storage Unit Device Structural Scanner Storage Large Storage Unit Protection Medium Armor Plating Weapon Heavy EM Pulse Gun Energy Gun Heavy EM Pulse Gun Energy Cannon Subdweller Beam Cannon Ballistic Gun Subdweller Machine Gun Launcher Mini Grenade Launcher Special Weapon Mining Laser Build | -11 -10 -10 -10 -8 ------- Run | Yrd Mat Min Sub Rec Slots Evolved . | . . . . . Power . | . . . . . Propulsion . | . . . . . Utility . | . . . . . Weapon . | . . . . . Parts Attached 45 | 8 14 4 16 3 Power 8 | 1 3 . 3 1 Engine 8 | 1 3 . 3 1 Core . | . . . . . Reactor . | . . . . . Propulsion 7 | 2 2 . 3 . Treads 6 | 2 2 . 2 . Leg 1 | . . . 1 . Wheel . | . . . . . Hover . | . . . . . Flight . | . . . . . Utility 12 | 2 3 1 6 . Device 4 | 1 . 1 2 . Storage 3 | 1 1 . 1 . Processor . | . . . . . Hackware . | . . . . . Protection 5 | . 2 . 3 . Artifact . | . . . . . Weapon 18 | 3 6 3 4 2 Energy Gun 11 | 3 5 2 . 1 Energy Cannon 2 | . . . 1 1 Ballistic Gun 1 | . . . 1 . Ballistic Cannon . | . . . . . Launcher 3 | . . 1 2 . Special Weapon 1 | . 1 . . . Impact Weapon . | . . . . . Slashing Weapon . | . . . . . Piercing Weapon . | . . . . . Special Melee Weapon . | . . . . . Unidentified Prototypes 2 | . . 1 1 . Parts Lost 5 | . 3 1 1 . Power 2 | . 2 . . . Propulsion 1 | . . . 1 . Utility . | . . . . . Weapon 2 | . 1 1 . . Highest Loss Streak 2 | . 2 1 1 . To Critical Strikes . | . . . . . Average Backups 13 | 1 13 13 13 16 Power . | . . 1 . 1 Propulsion 1 | . 1 2 1 2 Utility 5 | . 6 5 6 6 Weapon 5 | . 5 4 5 6 Tool/Special . | . . . . . Unused Backups 19 | . 5 2 6 6 Power 2 | . . . 2 . Propulsion 2 | . . . 1 1 Utility 8 | . 2 1 1 4 Weapon 6 | . 3 . 2 1 Tool/Special 1 | . . 1 . . Average Slot Usage (%) 83 | . 99 100 75 76 Engine 12 | . 13 14 11 11 Treads 10 | . 28 28 3 . Leg 6 | . . . 9 11 Device 5 | . 1 9 7 . Storage 16 | . 14 14 16 22 Protection 6 | . 12 4 3 10 Energy Gun 9 | . 27 22 1 5 Energy Cannon 5 | . . . 8 5 Ballistic Gun 5 | . . . 7 11 Launcher 2 | . . 5 3 . Peak Build Rating 49 | 7 12 18 47 49 Average Rating 26 | 5 11 11 27 48 On Entrance 15 | . 7 12 11 47 Naked Turns . | . . . . . Heaviest Build 246 | 13 38 45 239 246 Greatest Support 55 | 40 40 40 55 55 Greatest Overweight (x) 4 | . . 1 4 4 Average Overweight (x) . | . . . . 4 Largest Inventory Capacity 35 | 8 15 15 35 35 Average Capacity 22 | 7 14 15 23 35 Most Carried 35 | 3 15 15 35 35 Average Carried 19 | 1 13 14 17 34 Final Capacity 35 | 8 15 15 35 35 Final Carried 35 | 3 15 15 35 35 Class Distribution -------------------- 60% | Mutant 39% | Hauler-Mutant Dominant Class ---------------- Mutant | -10/Materials Mutant | -10/Mines Mutant | -10/Subcaves Hauler-Mutant | -8/Recycling Resources | -11 -10 -10 -10 -8 ----------- Run | Yrd Mat Min Sub Rec Matter Collected 1411 | 278 147 257 685 44 Remotely . | . . . . . Salvage Created 1663 | 125 692 351 243 252 Parts 118 | 8 40 40 20 10 Haulers Intercepted 2 | . 2 . . . Recyclers Shooed 2 | . 1 . . 1 Parts Field Recycled . | . . . . . Retrieved Matter . | . . . . . Parts Self-Destructed 3 | . . . 3 . Prevented . | . . . . . Kills | -11 -10 -10 -10 -8 ------- Run | Yrd Mat Min Sub Rec Combat Hostiles Destroyed 44 | . 14 14 14 2 Guns 17 | . 13 2 1 1 Cannons 2 | . . . 1 1 AOE 25 | . 1 12 12 . Classes Destroyed 11 | 2 5 2 2 . Worker 3 | . . 3 . . Builder 5 | . . 5 . . Tunneler 5 | 3 1 1 . . Hauler 2 | . 2 . . . Recycler 3 | 1 . . . 2 Operator 2 | . 2 . . . Watcher 3 | . 3 . . . Swarmer 24 | . 6 12 6 . Grunt 13 | . 8 2 3 . Sentry 3 | . . . 1 2 Subdweller 4 | . . . 4 . Best Kill Streak 5 | 3 3 5 4 4 Combat Bots Only 4 | . 3 4 4 2 Max Kills in Single Turn 3 | 1 1 3 2 1 Gunslinging . | . . . . . Exploded 3 | . 1 3 2 . Melee . | . . . . . Uniques/NPCs Destroyed . | . . . . . Combat | -11 -10 -10 -10 -8 -------- Run | Yrd Mat Min Sub Rec Hostile Shots Fired 143 | . 50 38 43 12 Missed 33 | . 13 7 12 1 Hits 110 | . 37 31 31 11 Projectile 110 | . 37 31 31 11 Damage Taken 1734 | . 478 378 716 162 Core 260 | . 35 58 122 45 Absorbed by Shields . | . . . . . Core Remaining (%) 100 | 100 . . . . Volleys Fired 157 | 9 54 40 45 9 Largest 2 | 2 2 2 2 2 Hottest 120 | 100 100 90 120 110 Shots Fired 246 | 18 104 58 56 10 Gun 176 | 18 100 47 6 5 Cannon 13 | . . . 8 5 Launcher 29 | . . 11 18 . Special 28 | . 4 . 24 . Kinetic 12 | . . . 10 2 Thermal 59 | 18 4 . 32 5 Explosive 24 | . . 11 13 . Electromagnetic 151 | . 100 47 1 3 Robot Hit Streak 8 | 4 8 5 7 6 Robot Miss Streak 7 | 2 4 7 3 . Penetration Max . | . . . . . Secondary Targets 2 | . 2 . . . Max Gunslinging Chain 1 | . 1 . . . Shots Hit Robots 109 | 11 50 27 15 6 Core Hits 75 | 5 23 26 17 4 Critical Kills 1 | . . . . 1 Critical Parts Destroyed . | . . . . . Critical Strikes 6 | 2 1 2 . 1 Burn 2 | 2 . . . . Destroy 1 | . . . . 1 Corrupt 3 | . 1 2 . . Melee Attacks . | . . . . . Impact . | . . . . . Slashing . | . . . . . Piercing . | . . . . . Sneak Attacks . | . . . . . Combat Hostiles . | . . . . . Follow-up Attacks . | . . . . . Damage Inflicted 3870 | 135 1018 1219 1379 119 Guns 1498 | 135 837 363 71 92 Cannons 141 | . . . 114 27 Explosions 2149 | . 181 774 1194 . Melee . | . . . . . Ramming 82 | . . 82 . . Kinetic 570 | . . . 525 45 Thermal 532 | 135 181 75 114 27 Explosive 1439 | . . 699 740 . Electromagnetic 1247 | . 837 363 . 47 Impact . | . . . . . Slashing . | . . . . . Piercing . | . . . . . Highest Corruption . | . . . . . Average Corruption . | . . . . . Corruption Purged . | . . . . . Corruption Blocked . | . . . . . Overload Shots . | . . . . . Overflow Damage 56 | . 9 1 46 . Projectiles 5 | . . . 5 . Explosions 51 | . 9 1 41 . Melee . | . . . . . Knockbacks 1 | . . 1 . . Impact 1 | . . 1 . . Kinetic . | . . . . . Secondary . | . . . . . Self-Inflicted Damage 282 | . 43 122 117 . Shots 10 | . 1 5 4 . Rammed 11 | . . 11 . . Targets Rammed 11 | . . 11 . . Kicked . | . . . . . Crushed . | . . . . . Highest Temperature 273 | 273 189 273 30 102 Average Temperature 64 | 116 56 72 16 52 Received Heat Transfer 243 | . 108 . 108 27 Siege Activations . | . . . . . Martial Activations . | . . . . . Shielding Activations . | . . . . . Robots Disrupted . | . . . . . Combat Hostiles . | . . . . . Robots Corrupted . | . . . . . Combat Hostiles . | . . . . . Parts Fried 4 | . 2 2 . . Impact Corruptions . | . . . . . Robots Melted . | . . . . . Combat Hostiles . | . . . . . Parts Melted 1 | 1 . . . . Heat Transferred 1090 | 555 200 150 148 37 Parts Sabotaged . | . . . . . Parts Stolen . | . . . . . Parts Stripped . | . . . . . Power Chain Reactions 4 | . 3 1 . . Alert | -11 -10 -10 -10 -8 ------- Run | Yrd Mat Min Sub Rec Maximum Alert Level . | . . . . . Low Security (%) 100 | 100 100 100 . 100 Level 1 . | . . . . . Level 2 . | . . . . . Level 3 . | . . . . . Level 4 . | . . . . . Level 5 . | . . . . . High Security . | . . . . . Max Security . | . . . . . Peak Influence 175 | 10 128 175 . 40 Initial 44 | . . 44 . 4 Average 42 | 2 62 68 . 4 Influence Increases 1747 | 20 636 523 391 177 Destroy 0b10 Robot/C 820 | . 280 280 220 40 Destroy 0b10 Robot/NC 115 | 20 40 45 . 10 Destroy Leader 140 | . 70 50 20 . Allied During Kill 1 | . . . 1 . Successful Hack 69 | . 36 . . 33 Select Force Hacks 120 | . 30 . . 90 Disable Machine 105 | . 90 15 . . Destroy Structure 152 | . 30 118 . 4 Lose Combat Pursuer 225 | . 60 15 150 . Influence Decreases 1729 | 20 522 637 382 168 Entered New Map 75 | . . 70 . 5 Time Decay 1577 | 20 495 557 342 163 Lost Part 37 | . 27 10 . . Lost Ally 40 | . . . 40 . Squads Dispatched 4 | . 4 . . . Investigation 2 | . 2 . . . Extermination . | . . . . . Reinforcement 2 | . 2 . . . Assault . | . . . . . Garrison . | . . . . . Intercept . | . . . . . Searches Triggered . | . . . . . Construction Impeded . | . . . . . Haulers Reinforced . | . . . . . Active Scanning Responses . | . . . . . Cargo Convoy Interrupts . | . . . . . Stealth | -11 -10 -10 -10 -8 --------- Run | Yrd Mat Min Sub Rec Distress Signals . | . . . . . Communications Jammed . | . . . . . Distress Signals . | . . . . . Times Spotted 76 | . 25 14 31 6 Peak Tracking Total 6 | . 4 3 6 4 Tactical Retreats 11 | . 3 1 7 . Traps | -11 -10 -10 -10 -8 ------- Run | Yrd Mat Min Sub Rec Traps Triggered 6 | . 3 . 3 . Indirectly . | . . . . . Trap Hack Attempts . | . . . . . Triggered . | . . . . . Disarmed . | . . . . . Reprogrammed . | . . . . . Reused . | . . . . . Traps Extracted . | . . . . . Installed . | . . . . . Triggered . | . . . . . Most Traps Carried 3 | . . 3 3 3 Machines | -11 -10 -10 -10 -8 ---------- Run | Yrd Mat Min Sub Rec Machines Disabled 11 | . 6 1 4 . Max in Single Turn 3 | . 3 1 3 . Machines Repaired . | . . . . . Machines Dismantled . | . . . . . Machines Sabotaged . | . . . . . Overloaded Fab Kills . | . . . . . Hacking | -11 -10 -10 -10 -8 --------- Run | Yrd Mat Min Sub Rec Machines Accessed 20 | . 7 1 4 8 Terminals 11 | . 6 . . 5 Fabricators . | . . . . . Repair Stations . | . . . . . Recycling Units 4 | . 1 . . 3 Scanalyzers . | . . . . . Garrison Access . | . . . . . Total Hacks 59 | . 22 1 17 19 Successful 44 | . 15 1 17 11 Failed 15 | . 7 . . 8 Catastrophic 1 | . . . . 1 Database Lockouts . | . . . . . Manual 33 | . 18 . . 15 Terminals 37 | . 21 . . 16 Fabricators . | . . . . . Repair Stations . | . . . . . Recycling Units 4 | . 1 . . 3 Scanalyzers . | . . . . . Garrison Access . | . . . . . Terminal Hacks 28 | . 6 1 17 4 Record 14 | . . . 14 . Robot Analysis 1 | . 1 . . . Prototype ID Bank 2 | . 1 . . 1 Open Door 2 | . . 1 1 . Terminal Index 2 | . 1 . . 1 Alert Level 1 | . 1 . . . Locate Traps 2 | . 2 . . . Security Status 1 | . . . . 1 Zone Layout 1 | . . . . 1 Proto ID Catalog 1 | . . . 1 . Release Object 1 | . . . 1 . Fabricator Hacks . | . . . . . Repair Station Hacks . | . . . . . Recycling Unit Hacks . | . . . . . Scanalyzer . | . . . . . Garrison Access Hacks . | . . . . . Unauthorized Hacks 16 | . 9 . . 7 Terminals 12 | . 8 . . 4 Botnet 4 | . 3 . . 1 Skim 8 | . 5 . . 3 Fabricators . | . . . . . Repair Stations . | . . . . . Recycling Units 4 | . 1 . . 3 Tunnel 4 | . 1 . . 3 Scanalyzers . | . . . . . Garrison Access . | . . . . . Data Cores Recovered . | . . . . . Used . | . . . . . Hacking Detections 11 | . 6 . . 5 Full Trace Events . | . . . . . Feedback Events . | . . . . . Feedback Blocked . | . . . . . Robot Schematics Acquired . | . . . . . Robots Built . | . . . . . Authchips . | . . . . . Time . | . . . . . Total Robot Build Rating . | . . . . . Part Schematics Acquired . | . . . . . Parts Built . | . . . . . Authchips . | . . . . . Time . | . . . . . Total Part Build Rating . | . . . . . Parts Repaired . | . . . . . Time . | . . . . . Parts Recycled . | . . . . . Recycled Matter . | . . . . . Retrieved Matter . | . . . . . Retrieved Components . | . . . . . Parts Scanalyzed . | . . . . . Part Schematics Acquired . | . . . . . Parts Damaged . | . . . . . Bothacking | -11 -10 -10 -10 -8 ------------ Run | Yrd Mat Min Sub Rec Used RIF Installer . | . . . . . Robots Hacked . | . . . . . Non-combat . | . . . . . Combat . | . . . . . Robot Hacks Applied . | . . . . . Relay Couplers Released . | . . . . . Fabnet Peak Effective % . | . . . . . Robots Rewired . | . . . . . Allies Hacked . | . . . . . Hacks Repelled . | . . . . . Allies | -11 -10 -10 -10 -8 -------- Run | Yrd Mat Min Sub Rec Total Allies 3 | . . . 3 . Largest Group 2 | . . . 2 1 Highest-Rated Group 38 | . . . 38 19 Highest-Rated Ally 19 | . . . 19 19 Total Orders 2 | . . 2 . . RETURN 2 | . . 2 . . Ally Attacks 19 | . . . 13 6 Total Damage 350 | . . . 237 113 Kills 2 | . . . 2 . Allies Corrupted . | . . . . . Allies Melted . | . . . . . Intel | -11 -10 -10 -10 -8 ------- Run | Yrd Mat Min Sub Rec Active Infowar (turns) 4004 | 13 117 1242 2632 . Structural 2535 | . . . 2535 . Seismic 1469 | 13 117 1242 97 . Robot Analysis Total 1 | . 1 . . . Derelict Logs Recovered 2 | . . 1 1 . Drone Launches 2 | . . 2 . . Drone Recoveries 2 | . . 2 . . Exploration | -11 -10 -10 -10 -8 ------------- Run | Yrd Mat Min Sub Rec Turns Passed 11297 | 119 1628 1881 5674 1995 Spaces Moved 4854 | 50 828 761 2740 475 Core 2 | 2 . . . . Treads 2033 | 48 828 761 396 . Legs 2819 | . . . 2344 475 Wheels . | . . . . . Hover . | . . . . . Flight . | . . . . . Fastest Speed 50 | 50 160 160 130 410 Average Speed 203 | 155 160 160 193 410 Slowest Speed 410 | 160 160 240 410 410 Overloaded Moves . | . . . . . Propulsion Burnouts . | . . . . . Robots Hopped . | . . . . . Potential Cave-ins . | . . . . . Cave-ins Triggered . | . . . . . Exploration Rate (%) 75 | 4 97 100 97 80 Regions Visited 4 Branch Regions 3 Pre-discovered Areas 6 | . 1 . 2 3 Known Exits Taken . | . . . . . Unknown Exits Taken 4 | 1 1 1 1 . Scrap Searched 10 | . . 1 9 . Spaces Dug 44 | . 3 22 15 4 Terrain Destroyed 293 | . 29 138 122 4 Melee . | . . . . . Projectile 9 | . 4 . 1 4 AOE 284 | . 25 138 121 . Terrain Rammed . | . . . . . Walls Destroyed . | . . . . . Machines Disabled . | . . . . . Actions | -11 -10 -10 -10 -8 --------- Run | Yrd Mat Min Sub Rec Total 5964 | 69 1022 1355 3008 510 Wait 737 | . 85 518 116 18 Move 4850 | 49 827 760 2739 475 Hop . | . . . . . Pick Up 64 | 3 24 5 31 1 Fast Attach 18 | 7 2 1 7 1 Attach 14 | . 3 2 8 1 Detach 4 | . . . 3 1 Swap 59 | 1 12 13 30 3 Drop 50 | . 15 5 29 1 Fire 157 | 9 54 40 45 9 Melee . | . . . . . Ram . | . . . . . Kick . | . . . . . Crush 11 | . . 11 . . Escape Stasis . | . . . . . Rewire . | . . . . . Trap . | . . . . . Miscellaneous . | . . . . . Route ------- -11/Scrapyard -10/Materials (discovered 5 exits: [*Mat x3] / *Min x2) -10/Mines (discovered 3 exits: [*Mat x2] / *Sub) -10/Subcaves (discovered 4 exits: [*Mat x2] / *Rec / [*Scr]) -8/Recycling History --------- Turn | Location | Event 20 | -11/Scrapyard | Discovered new exit (range 15) 120 | -11/Scrapyard | Entered Materials 244 | -10/Materials | Discovered new exit (range 8) 311 | -10/Materials | Build established: Mutant 507 | -10/Materials | Discovered new exit (range 11) 598 | -10/Materials | Discovered new exit (range 14) 716 | -10/Materials | Discovered new exit (range 7) 720 | -10/Materials | Derelicts attacked the area 930 | -10/Materials | Discovered new exit (range 14) 1748 | -10/Materials | Entered Mines 1755 | -10/Mines | Received a Rocket Launcher from a helpful Derelict 1798 | -10/Mines | Discovered new exit (range 13) 1836 | -10/Mines | Learned Materials stockpile data 1945 | -10/Mines | Found the Drone Emporium 1951 | -10/Mines | Found Prototype Device 1951 | -10/Mines | Identified Sensor Drone Bay 2370 | -10/Mines | Found a hidden stash of uninstalled traps 2488 | -10/Mines | Discovered new exit (range 3) 3618 | -10/Mines | Discovered new exit (range 6) 3629 | -10/Mines | Entered Subcaves 3630 | -10/Subcaves | Approached by a straggling Scientist 3639 | -10/Subcaves | Learned location of Zion (-7) 3639 | -10/Subcaves | Met a Zionite searching for "candidates" 3882 | -10/Subcaves | Disturbed a concealed Subdweller 3996 | -10/Subcaves | Core integrity fell below 50% 4181 | -10/Subcaves | Shifting Twisted Machinery released Mak. Light Armor Plating 4233 | -10/Subcaves | Shifting Twisted Machinery released Sub. Shrapnel Launcher 4401 | -10/Subcaves | Visited 4L-MR0's lab 4422 | -10/Subcaves | Found Cargo Legs 4424 | -10/Subcaves | Attached Cargo Legs, gained temporary slots: Utility x2 4532 | -10/Subcaves | Discovered new exit (range 5) 4547 | -10/Subcaves | Shifting Twisted Machinery released Barrage Gun 4555 | -10/Subcaves | Shifting Twisted Machinery released Sub. Machine Gun 4938 | -10/Subcaves | Discovered new exit (range 8) 5092 | -10/Subcaves | Learned 2 Materials zone layouts 5423 | -10/Subcaves | Discovered new exit (range 15) 5454 | -10/Subcaves | Scientist uncovered a shortcut to Scraptown 5800 | -10/Subcaves | Visited triangular shrine 5812 | -10/Subcaves | Found Prototype Device 5812 | -10/Subcaves | Identified V3-11A's Pendant 5817 | -10/Subcaves | Befriended Subdweller 6345 | -10/Subcaves | Disturbed a concealed Subdweller 6358 | -10/Subcaves | Befriended Subdweller 6592 | -10/Subcaves | Build established: Hauler-Mutant 7942 | -10/Subcaves | Befriended Subdweller 8079 | -10/Subcaves | Visited Clippyterm 8083 | -10/Subcaves | Learned location of Deep Caves (-7) 8083 | -10/Subcaves | Learned 40 Factory zone layouts 8209 | -10/Subcaves | Core integrity fell below 20% 8237 | -10/Subcaves | Build established: Mutant 8766 | -10/Subcaves | Build established: Hauler-Mutant 8819 | -10/Subcaves | Found SUBCON Basin 9303 | -10/Subcaves | Entered Recycling 9303 | -8/Recycling | Accompanied by 1 ally 11298 | -8/Recycling | Destroyed by Y-45 Defender with Heavy Assault Rifle Last Messages --------------- Testing... Terminal linked with 2 systems. Please expand to 2 more systems! >>Trojan(Botnet) Trojan loaded successfully. Testing... Terminal linked with 0 systems. Awaiting botnet instructions. 10525_ U-05 Engineer builds a Wall. 10633_ Connecting with Recycling Unit... >>Force(Tunnel) DISCOVERED[-5/Factory] 11018_ Acquired Shield Generator. 11220_ Connecting with Recycling Unit... >>Force(Tunnel) DISCOVERED[-3/Armory] 11295_ Y-45 Defender springs to life. 11295_ H-55 Commando springs to life. 11295_ I-25 Savior springs to life. 11295_ P-60 Hacker springs to life. Map ----- +----------------------------------------------------+ | + """" ???????????????? | | ######## """" ???????????????? | | """"" "#?????# """" #??????????????? | | """"""""" T#?????# """" #??????????????? | | """ """ "#?????# #??????????????? | | ##?????#+#####+###??????????????? | | #??????# ???????????????????? | | ###########" "## #?????? ??????????????????? | | ###########"T"## ######## ?????????????????? | | # #"""## ???????????????? | | # ###### ?????????????? | | # ##???# ???????????? | | # #????# ??????????? | | + """ #????# ???????????? | | # """ #????# ???????????? | | # """ "T" #????# ????????????? | | # #????# ????????????? | | #+#########????# ?????????????? | | #????????????# ??????????????? | | #????????????# ?????????????? | | ############## ??????????????? | | r ???????????????? | | ############## ####"??????????????????? | | #????????????# #??????????????????????? | | #????????????# #??????????????????????? | | #????????????# ##! !###@#??????????????????????? | | ##????????????# ##! !## ?????????????????????? | | +###???????????# ####### / ???????????????????? | | #???????????# #?????# a ?????????????????? | | #??????????## ##????# t ???????????????? | | #??????????# #????# = / ?????????????? | | #??????????# #????#i % g + ???????????? | | #??????????# #????# b u i # ??????????? | | #??????????# ###??# i g#????????????? | | #??????????# ""#??# Y]h!!pk g#????????????? | | #??????????+ Y"#??# ! #????????????? | | #??????????# ""#??# *#????????????? | | " #??????????# ###??#! ??????????????? | | T #??????????# #?????#########????????????????? | | " #??????????# #??????????????????????????????? | | #??????????# #??????????????????????????????? | | ####??????????# #??????????????????????????????? | | ??????????????# ###############????????????????? | | ############### # #????????????????? | | # = ! ] ! # # #????????????????? | | #! | + + #???????????????? | | # %! # # #????????????????? | | # ! !! !! # ##############?????????????????? | | ###/##+######## #??????????????????????????????? | | #??????????????????????????????? | +----------------------------------------------------+ Best States ------------- Heat Dissipation 25 Energy Generation 12 Energy Capacity 265 Matter Stores 300 Matter Capacity 300 Sight Range 16 Terrain Scan Density 10 Armor Coverage 375 Evasion (%) 55 Recoil Reduction 2 Item Schematics ----------------- None Robot Schematics ------------------ None Fabricated ------------ Nothing Repaired ---------- Nothing Alien Tech Used ----------------- None Achievements -------------- None Challenges ------------ None Game ------ Seed ScanDirectedNanovents Manual? 0 Play Time 00:53:54 Cumulative 280.2 hours Start 2025.06.01 @ 18:50:27 End 2025.06.01 @ 19:45:03 Sessions 3 Manual Loads 0 Difficulty Rogue Special Mode None Game No. 137 Rogue 137 Adventurer 0 Explorer 0 Win Type - Total 1 Types 0/0/0/0/1/0/0/0/0/0 Lore% 71 Gallery% 74 Achievement% 64 Wizard Run 0 Options --------- Layout 0 ASCII 0 Keyboard 0 Movement Mouse Keybinds 0 Fullscreen 1 Font 24/Smallcaps Map View 183x50 Zoom Use 0% Tactical HUD 1 Map Filters NONE Filters NONE Steam 0 RUN: 485fe248-194a-4483-b901-b99f4461c843